 Dungeon Crawl Stone Soup version 0.31.0-11-ge490571c62 (webtiles) character file.

Game seed: 17710274420503969129

112 qw the Ducker (level 4, 0/23 HPs)
             Began as a Spriggan Hunter on Feb 4, 2024.
             Slain by a water moccasin (3 damage)
             ... on level 2 of the Dungeon.
             The game lasted 00:00:04 (1122 turns).

qw the Ducker (Spriggan Hunter)                     Turns: 1122, Time: 00:00:05

Health: 0/23       AC:  3    Str:  7    XL:     4   Next: 64%
Magic:  5/5        EV: 22    Int: 10    God:
Gold:   117        SH:  0    Dex: 26    Spells: 3/3 levels left

rFire   . . .        a - +2 shortbow
rCold   . . .        (shield currently unavailable)
rNeg    + . .        c - +0 robe
rPois   .            (helmet restricted)
rElec   .            b - +0 cloak
rCorr   .            (gloves unavailable)
SInv    +            (boots unavailable)
Will    .....        l - amulet of regeneration
Stlth   ++           k - ring of positive energy
HPRegen 1.03/turn    e - +6 ring of dexterity
MPRegen 0.09/turn

%: no passive effects
@: lethally poisoned (0 -> 0), about to teleport, very quick
A: very small, no large weapons, unfitting armour, see invisible, speed 3
a: no special abilities


You were on level 2 of the Dungeon.
You visited 1 branch of the dungeon, and saw 3 of its levels.

You collected 117 gold pieces.


Innate Abilities, Weirdness & Mutations

You are very small and have problems with some larger weapons.
You are too small for most types of armour.
You have supernaturally acute eyesight. (SInv)
You cover ground extremely quickly. (Speed+++)


   Skills:
 - Level 1.6 Fighting
 - Level 5.0 Ranged Weapons
 + Level 5.1 Dodging
 - Level 1.5 Stealth


You had 3 spell levels left.
You didn't know any spells.
Your spell library was empty.

Inventory:

Hand Weapons
 a - a +2 shortbow (weapon)
Armour
 b - a +0 cloak (worn)
 c - a +0 robe (worn)
Jewellery
 e - a +6 ring of dexterity (right hand)
 k - a ring of positive energy (left hand)
 l - an amulet of regeneration (around neck)
Scrolls
 j - a scroll of teleportation

Dungeon Overview and Level Annotations

Branches:
Dungeon (3/15)

Altars:
Xom

Shops:
D:1 ?


Message History

As you read the scroll labelled ZOMPUA KIOLUN, it crumbles to dust.
It is a scroll of amnesia.
You feel forgetful for a moment.
Done exploring.
1075 ||| DROPPING scroll of fear.
You drop a scroll of fear.
Done exploring.
What level of the Dungeon? (default 2, ? - help)
You see here a +0 spear.
There is a stone staircase leading up here.
There is a stone staircase leading down here.
You climb downwards.
Found a scroll labelled FOLASKOPPIU.
There is a stone staircase leading up here.
There are monsters nearby!
Waypoint 2 assigned to D:3.
You shoot an arrow. The arrow hits the water moccasin!
The water moccasin is moderately wounded.
You shoot an arrow. The arrow misses the water moccasin.
You shoot an arrow.
The arrow barely misses the water moccasin.
You shoot an arrow. The arrow hits the water moccasin!
The water moccasin is heavily wounded.
The water moccasin bites you!
You are poisoned.
The water moccasin poisons you!
1119 ||| STAIRDANCE You feel very sick.
The water moccasin bites you!
You climb upwards.
You feel very sick.
There is a stone staircase leading down here.
Enter note:
1121 ||| READING 2 scrolls of teleportation.
As you read the scroll of teleportation, it crumbles to dust.
You feel strangely unstable.
You feel sick. The water moccasin misses you.
The water moccasin barely misses you.
You shoot an arrow. The arrow hits the water moccasin.
The water moccasin is severely wounded.
You feel sick. The water moccasin bites you.
You die...

.......%..#.####.# #..........
.:......###.# #.# #.##.######
#######.###.# #.######>##.#
#..).....####........##.######
#.#####........########.......
#.# #.######.# #.###### #.#
#........# #.# #.# #.#####..#
#.# #.#####.# #@.########.#
#### #.......#
#.S.........###... #########
##..............##
################


You could see a water moccasin.

Vanquished Creatures
  Terence (D:2)
  3 gnolls (D:2)
  4 dart slugs
  3 bats
  5 endoplasms (D:1)
  3 giant cockroaches
  7 goblins
  4 hobgoblins (D:2)
  3 jackals (D:1)
  A quokka (D:2)
  5 ball pythons
  4 kobolds (D:1)
  2 rats (D:2)
45 creatures vanquished.

Notes
Turn   | Place    | Note
-------+----------+-------------------------------------------
     0 | D:1      | qw the Spriggan Hunter began the quest for the Orb.
     0 | D:1      | Reached XP level 1. HP: 10/10 MP: 2/2
     0 | D:1      | 0 ||| qw: Version: 0.3-a-160-g6735b56
     0 | D:1      | 0 ||| qw: Game counter: 4824
     0 | D:1      | 0 ||| qw: Melee chars always use a shield: true
     0 | D:1      | 0 ||| qw: God list: Okawaru
     0 | D:1      | 0 ||| qw: Allow faded altars: false
     0 | D:1      | 0 ||| qw: Do Orc after clearing Dungeon:15 true
     0 | D:1      | 0 ||| qw: Do second Lair branch before Depths: true
     0 | D:1      | 0 ||| qw: Lair rune preference: random
     0 | D:1      | 0 ||| qw: Goals: Normal
     0 | D:1      | 0 ||| PLANNING D:1-11
    17 | D:1      | Reached skill level 3 in Dodging
    35 | D:1      | Reached XP level 2. HP: 14/14 MP: 3/3
    54 | D:1      | Found Yffexoaj's Magic Scroll Emporium.
    80 | D:1      | 80 ||| SHOPLISTING scroll of enchant armour (105 gold, have
                  | 24).
    80 | D:1      | 80 ||| SHOPLISTING scroll of identify (28 gold, have 24).
    80 | D:1      | 80 ||| SHOPLISTING scroll of teleportation (42 gold, have
                  | 24).
   313 | D:1      | Reached XP level 3. HP: 18/18 MP: 4/4
   412 | D:1      | 412 ||| UPGRADING to amulet of regeneration.
   417 | D:1      | 417 ||| UPGRADING to ring of positive energy.
   418 | D:1      | 418 ||| READING scroll labelled BUMEUW ETISTRA.
   419 | D:1      | 419 ||| READING scroll labelled YCVOLILAKE.
   419 | D:1      | 419 ||| ENCHANTING +0 shortbow.
   420 | D:1      | 420 ||| READING scroll labelled HIMEJEXKIX.
   421 | D:1      | 421 ||| READING scroll labelled MOFERE JAOH.
   421 | D:1      | 421 ||| ENCHANTING +1 shortbow.
   422 | D:1      | 422 ||| READING 3 scrolls labelled REINOXABLEF.
   422 | D:1      | 422 ||| IDENTIFYING emerald potion
   423 | D:1      | 423 ||| READING 2 scrolls of identify.
   423 | D:1      | 423 ||| IDENTIFYING scroll labelled NUXZYTOTAZ
   424 | D:1      | 424 ||| DROPPING scroll of butterflies.
   425 | D:1      | 425 ||| DROPPING potion of brilliance.
   448 | D:2      | 448 ||| READING scroll of enchant weapon.
   448 | D:2      | 448 ||| ENCHANTING +1 shortbow.
   514 | D:2      | Noticed Terence
   521 | D:2      | Killed Terence
   719 | D:2      | Found a shimmering altar of Xom.
   767 | D:2      | Reached XP level 4. HP: 22/22 MP: 5/5
  1067 | D:2      | 1067 ||| UPGRADING to +0 cloak.
  1072 | D:2      | 1072 ||| UPGRADING to +6 ring of dexterity.
  1073 | D:2      | 1073 ||| READING scroll of identify.
  1073 | D:2      | 1073 ||| IDENTIFYING scroll labelled QARAEM JURHEEB
  1074 | D:2      | 1074 ||| READING scroll labelled ZOMPUA KIOLUN.
  1075 | D:2      | 1075 ||| DROPPING scroll of fear.
  1114 | D:3      | Noticed a water moccasin
  1119 | D:3      | 1119 ||| STAIRDANCE
  1120 | D:2      | HP: 4/23 [poisoned by a water moccasin]
  1121 | D:2      | 1121 ||| READING 2 scrolls of teleportation.
  1122 | D:2      | Slain by a water moccasin

Levels and vault maps discovered:
D:1:      saegor_arrival_simple_b, layout_rooms, serial_shops, shop
D:2:      layout_loops_ring, basic_altar, minmay_misc_feat_alley, uniq_terence
D:3:      layout_loops_ring, serial_forest, infiniplex_forest_straight_3,
          infiniplex_forest_straight_2, infiniplex_forest_clump_diagonal,
          infiniplex_forest_straight_4, infiniplex_forest_straight_2,
          infiniplex_forest_3_way, infiniplex_forest_diagonal,
          infiniplex_forest_clump_small, kennysheep_generic_room_12

Skill      XL: |  1  2  3  4 |
---------------+-------------+-----
Dodging        | 3 4 5 |  5.1
Ranged Weapons | 5 |  5.0
Fighting       | |  1.6
Stealth        | |  1.5

Action                     |  1- 3 |  4- 6 || total
---------------------------+-------+-------++-------
   Fire: Shortbow          |    89 |    43 ||   132
    Use: Scroll            |     7 |     3 ||    10
 Armour: Robe              |     7 |     6 ||    13
  Dodge: Dodged            |    27 |    11 ||    38

Table legend:
 A = Non-vault XP
 B = Vault XP
 C = Vault XP percentage of total XP
 D = Non-vault monster count
 E = Vault monster count
 F = Vault count percentage of total count
                 A         B        C        D         E       F
            +---------+---------+-------+---------+---------+-------
      Total |     125 |      36 |  22.4 |      44 |       1 |   2.2
            +---------+---------+-------+---------+---------+-------
        D:1 |      42 |       0 |   0.0 |      21 |       0 |   0.0
        D:2 |      83 |      36 |  30.3 |      23 |       1 |   4.2
            +---------+---------+-------+---------+---------+-------
